 Dungeon Crawl Stone Soup version 0.20.1-1-g8b1a95d (webtiles) character file.

70 Lennu the Skirmisher (level 4, 0/40 HPs)
             Began as a Draconian Fighter on July 13, 2017.
             Slain by a hobgoblin (7 damage)
             ... led by Robin
             ... on level 2 of the Dungeon.
             The game lasted 00:01:59 (952 turns).

Lennu the Skirmisher (Draconian Fighter)             Turns: 952, Time: 00:02:00

Health: 0/40       AC:  5    Str: 23    XL:     4   Next: 4%
Magic:  4/4        EV: 10    Int:  8    God:
Gold:   184        SH:  9    Dex: 12    Spells: 3/3 levels left

rFire    . . .     SeeInvis .   a - +0 long sword
rCold    . . .     Gourm    .   b - +0 shield
rNeg     . . .     Faith    .   (armour unavailable)
rPois    .         Spirit   .   (helmet restricted)
rElec    .         Reflect  .   (no cloak)
rCorr    +         Harm     .   (no gloves)
MR       .....                  (no boots)
Stlth    +.........             (no amulet)
Regen    0.2/turn               q - ring of resist corrosion
MPRegen  0.1/turn               (no ring)

@: mighty
A: unfitting armour, cold-blooded, AC +5
a: no special abilities


You were on level 2 of the Dungeon.
You were not hungry.

You visited 1 branch of the dungeon, and saw 2 of its levels.

You collected 184 gold pieces.

Inventory:

Hand Weapons
 a - a +0 long sword (weapon)
Armour
 b - a +0 shield (worn)
Jewellery
 q - a ring of resist corrosion (left hand)
Scrolls
 i - a scroll of blinking {unknown}
 j - a scroll of teleportation {unknown}
 l - 2 scrolls of remove curse {unknown}
 m - 3 scrolls of enchant armour {unknown}
 n - 3 scrolls of identify {unknown}
 o - a scroll of fog {unknown}
 p - a scroll of magic mapping {unknown}
Potions
 c - a potion of might
 e - a potion of curing {unknown}
 g - a potion of lignification {unknown}
 h - a potion of berserk rage {unknown}
 k - a potion of mutation {unknown}
Comestibles
 d - 3 bread rations
 f - 3 chunks of flesh


   Skills:
 + Level 3.8 Fighting
 + Level 3.3 Long Blades
 + Level 2.9 Dodging
 + Level 0.2 Stealth
 + Level 3.4 Shields


You had 3 spell levels left.
You didn't know any spells.

Dungeon Overview and Level Annotations

Branches:
Dungeon (2/15)

Altars:

Annotations:
D:2 Robin


Innate Abilities, Weirdness & Mutations

Your plain brown scales are hard. (AC +5)
You cannot fit into any form of body armour.
You are cold-blooded and may be slowed by cold attacks.


Message History

You block the goblin's attack. The hobgoblin closely misses you.
The hobgoblin hits you but does no damage.
The hobgoblin hits you with a club. You block Robin's attack.
The goblin hits you but does no damage.
You hit Robin.
Your tail-slap misses Robin.
Robin is moderately wounded.
The hobgoblin hits you. You block the hobgoblin's attack.
The hobgoblin barely misses you. You block the hobgoblin's attack.
Robin hits you with a dagger. The goblin closely misses you.
The hobgoblin barely misses you.
You barely miss Robin.
Robin is lightly wounded.
You block the hobgoblin's attack. Robin barely misses you.
You riposte.
You slash Robin!
Robin is almost dead.
The hobgoblin hits you with a club.
* * * LOW HITPOINT WARNING * * *
The hobgoblin closely misses you. You block the goblin's attack.
The hobgoblin hits you!
You die...

...##..### #...
#.#......###### #.#..
..###.#..##....
###.#.##..###.......###
#........ #.......#####
#.......#...#.##.#.....
#.......##....(........
#....ggg.......###.....
#...gg@# ###### #.....
##...ggg###### #.....
##......g#.....## #....>
##.....%.........##
#.....
#.................#
#.....
#.#...............#
#..... #
#..............(######..
#......................#
#.......<.......########


You could see Robin, 4 hobgoblins and 4 goblins.

Vanquished Creatures
  4 adders (D:2)
  An ooze (D:2)
  A dart slug (D:1)
  4 bats
  A giant cockroach (D:1)
  6 goblins
  6 hobgoblins
  A quokka (D:2)
  4 rats
28 creatures vanquished.

Notes
Turn   | Place    | Note
-------+----------+-------------------------------------------
     0 | D:1      | Lennu the Draconian Fighter began the quest for the Orb.
     0 | D:1      | Reached XP level 1. HP: 19/19 MP: 1/1
   147 | D:1      | Reached XP level 2. HP: 26/26 MP: 2/2
   533 | D:2      | Reached XP level 3. HP: 24/31 MP: 3/3
   938 | D:2      | Noticed Robin
   943 | D:2      | Reached XP level 4. HP: 40/40 MP: 4/4
   952 | D:2      | Slain by a hobgoblin

Skill      XL: |  1  2  3 |
---------------+----------+-----
Long Blades    | 3 |  3.3
Fighting       | |  3.8
Dodging        | |  2.9
Stealth        | |  0.2
Shields        | |  3.4

Action                   |  1- 3 |  4- 6 || total
-------------------------+-------+-------++-------
Melee: Long sword        |    72 |     8 ||    80
       Tailslap          |    13 |       ||    13
  Use: Potion            |     1 |       ||     1
 Stab: Sleeping          |     1 |       ||     1
Armor: Skin              |    21 |     9 ||    30
Dodge: Dodged            |    35 |    13 ||    48
Block: Shield            |    35 |    21 ||    56
       Rpst.: Long sword |    10 |     4 ||    14
